 Dungeon Crawl Stone Soup version 0.26-a0-651-gb41185065b (webtiles) character file.

Game seed: 15095533784516313289

1155 dzhemaptula the Carver (level 8, -6/62 HPs)
             Began as a Minotaur Gladiator on Oct 3, 2020.
             Mangled by a worker ant (8 damage)
             ... on level 5 of the Dungeon.
             The game lasted 00:10:34 (8691 turns).

dzhemaptula the Carver (Minotaur Gladiator)         Turns: 8691, Time: 00:10:35

Health: -6/62      AC: -1    Str: 21    XL:     8   Next: 16%
Magic:  7/7        EV:  5    Int:  5    God:
Gold:   359        SH:  0    Dex: 12    Spells: 7/7 levels left

rFire    . . .     SeeInvis +   w - +1 long sword
rCold    . . .     Faith    .   s - +0 kite shield
rNeg     . . .     Spirit   .   x - +0 plate armour
rPois    +         Reflect  .   c - +0 hat
rElec    .         Harm     .   (no cloak)
rCorr    .         Rampage  .   p - +0 pair of gloves
MR       .....                  (no boots)
Stlth    ..........             v - amulet of the acrobat
HPRegen  0.20/turn              t - ring of poison resistance
MPRegen  0.10/turn              j - ring of see invisible

@: confused, lethally poisoned (-6 -> -9), corroded
A: retaliatory headbutt, horns 2
a: no special abilities


You were on level 5 of the Dungeon.
You visited 1 branch of the dungeon, and saw 6 of its levels.

You collected 359 gold pieces.

Inventory:

Hand Weapons
 i - a +0 whip
 w - a +1 long sword (weapon)
Missiles
 d - 3 throwing nets (quivered)
Armour
 b - a +0 leather armour
 c - a +0 hat (worn)
 h - a +0 ring mail of cold resistance
 k - a +0 robe
 p - a +0 pair of gloves (worn)
 s - a +0 kite shield (worn)
 x - a +0 plate armour (worn)
Jewellery
 g - an uncursed ring of fire
 j - a ring of see invisible (right hand)
 t - a ring of poison resistance (left hand)
 v - an amulet of the acrobat (around neck)
Wands
 o - a wand of flame (13)
Scrolls
 a - 2 scrolls of teleportation
 e - a scroll of magic mapping
 l - 4 scrolls of identify
 m - 4 scrolls of remove curse
 q - 2 scrolls of enchant weapon
Potions
 r - a potion of stabbing
 u - a potion of flight


   Skills:
 - Level 2.4 Fighting
 + Level 10.8 Long Blades
 - Level 2.0 Throwing
 - Level 3.2 Dodging
 + Level 5.2 Shields


You had 7 spell levels left.
You didn't know any spells.
Your spell library was empty.

Dungeon Overview and Level Annotations

Branches:
Dungeon (6/15)             Temple (0/1) D:4

Altars:
Ashenzari
Fedhas
Gozag
Kikubaaqudgha
Nemelex Xobeh
Qazlal
Ru
Uskayaw
Zin

Shops:
D:4 *


Innate Abilities, Weirdness & Mutations

You reflexively headbutt those who attack you in melee.
You have a pair of horns on your head.


Message History

Your library has no spells.
You block the bullfrog's attack. The worker ant barely misses you.
You furiously retaliate!
You headbutt the worker ant, but do no damage.
The phantom blinks!
You climb upwards.
There is a stone staircase leading down here.
You feel better. The bullfrog hits you.
* * * LOW HITPOINT WARNING * * *
You block the worker ant's attack. The bullfrog hits you.
* * * LOW HITPOINT WARNING * * *
It was a potion of ambrosia.
You are confused.
You feel invigorated. The worker ant bites you.
* * * LOW HITPOINT WARNING * * *
You are poisoned.
The worker ant poisons you! The bullfrog hits you.
* * * LOW HITPOINT WARNING * * *
The worker ant bites you!
You die...

#####.....##...............#
##.##......#..............###
#.....##.......#............#
#.........#....##.....#.##...
##...#...##...........###....
#....#....##.......##.####...
##..###..##........##...#....
#.## ####...a.....#.........
### ##.@................
#####.F#...............
##.##...##..............
##..#..#.................
#......#.................
###.....#####.#..........
##.#..#..####..#.#.....
#..##....##.#..###.....
###.............###......


You could see a bullfrog and a worker ant.

Vanquished Creatures
  Sigmund (D:3)
  An orc warrior (D:4)
  An ogre (D:4)
  A phantom (D:5)
  A centaur (D:5)
  2 bullfrogs (D:6)
  2 scorpions (D:6)
  A howler monkey (D:4)
  2 hounds
  A jelly (D:6)
  An orc priest (D:5)
  2 worker ants
  An orc wizard (D:5)
  A killer bee zombie (D:5)
  5 adders
  An ufetubus (D:5)
  An adder skeleton (D:4)
  3 worms
  2 dart slugs
  4 leopard geckos
  14 orcs
  3 bats
  3 giant cockroaches
  3 goblins
  3 hobgoblins (D:1)
  13 jackals
  5 quokkas
  10 frilled lizards
  8 kobolds
  5 rats
101 creatures vanquished.

Notes
Turn   | Place    | Note
-------+----------+-------------------------------------------
     0 | D:1      | dzhemaptula the Minotaur Gladiator began the quest for the
                  | Orb.
     0 | D:1      | Reached XP level 1. HP: 18/18 MP: 0/0
   209 | D:1      | Reached skill level 4 in Long Blades
   249 | D:1      | Reached XP level 2. HP: 19/25 MP: 1/1
  1100 | D:2      | Reached skill level 5 in Long Blades
  1100 | D:2      | Reached XP level 3. HP: 18/30 MP: 2/2
  1523 | D:2      | Found a sacrificial altar of Ru.
  1755 | D:2      | Found a glowing silver altar of Zin.
  1755 | D:2      | Found an ancient bone altar of Kikubaaqudgha.
  2000 | D:2      | Found a sparkling altar of Nemelex Xobeh.
  2000 | D:2      | Found a blossoming altar of Fedhas.
  2002 | D:2      | Found a hide-covered altar of Uskayaw.
  2003 | D:2      | Found an opulent altar of Gozag.
  2451 | D:3      | Noticed Sigmund
  2888 | D:3      | Killed Sigmund
  2888 | D:3      | Reached skill level 7 in Long Blades
  2888 | D:3      | Reached skill level 1 in Shields
  2888 | D:3      | Reached XP level 4. HP: 12/37 MP: 3/3
  2888 | D:3      | Reached XP level 5. HP: 14/42 MP: 4/4
  3831 | D:4      | Reached skill level 8 in Long Blades
  3833 | D:4      | Reached XP level 6. HP: 45/50 MP: 5/5
  3974 | D:4      | Found a staircase to the Ecumenical Temple.
  4408 | D:4      | Found a stormy altar of Qazlal.
  4462 | D:4      | Reached skill level 9 in Long Blades
  4729 | D:4      | Found Luliphipt's Assorted Antiques.
  5030 | D:5      | Entered Level 5 of the Dungeon
  5037 | D:5      | Reached XP level 7. HP: 38/56 MP: 6/6
  6947 | D:5      | Reached skill level 10 in Long Blades
  8179 | D:6      | Found a broken altar of Ashenzari.
  8429 | D:6      | Reached XP level 8. HP: 62/62 MP: 7/7
  8449 | D:6      | Reached skill level 5 in Shields
  8456 | D:6      | Noticed a four-headed hydra
  8684 | D:6      | HP: 3/62 [bullfrog (7)]
  8690 | D:5      | HP: 3/62 [bullfrog (2)]
  8691 | D:5      | Mangled by a worker ant

Illustrated notes

Levels and vault maps discovered:
D:1:      lemuel_arrival_muddy, layout_basic
D:2:      layout_basic, nicolae_ru_the_path_less_chosen,
          grunt_temple_overflow_open, serial_rivers,
          chequers_serial_rivers_micro_b, chequers_serial_rivers_room_b,
          chequers_serial_rivers_small_a, chequers_serial_rivers_marsh,
          chequers_serial_rivers_small_3
D:3:      layout_rooms, uniq_sigmund
D:4:      layout_loops_ring, nicolae_qazlal_eye_of_the_storm,
          minmay_temple_entry_enclosed_plants, serial_shops,
          nicolae_shop_behind_doors
D:5:      layout_cave_pools, portal_sewer_entry_d, guppyfry_early_orc_mine
D:6:      layout_loops_ring, basic_altar

Skill      XL: |  1  2  3  4  5  6  7  8 |
---------------+-------------------------+-----
Long Blades    | 4 5 7 8 9 10 | 10.8
Shields        | 1 2 4 5 |  5.2
Fighting       | |  2.4
Throwing       | |  2.0
Dodging        | |  3.2

Action                   |  1- 3 |  4- 6 |  7- 9 || total
-------------------------+-------+-------+-------++-------
Melee: Long sword        |    99 |    91 |   111 ||   301
       Headbutt          |     9 |    18 |    21 ||    48
Evoke: Wand              |       |       |     2 ||     2
  Use: Scroll            |     2 |       |     5 ||     7
       Potion            |     7 |       |     2 ||     9
Armor: Leather armour    |    13 |       |       ||    13
       Ring mail         |    16 |    21 |    10 ||    47
       Plate armour      |       |       |    41 ||    41
Dodge: Dodged            |    71 |    36 |    34 ||   141
Block: Kite shield       |     6 |    40 |    71 ||   117
       Rpst.: Long sword |    13 |     8 |    10 ||    31

Table legend: (Time is in decaauts)
 A = Elapsed time spent in this place.
 B = Non-inter-level travel time spent in this place.
 C = Inter-level travel time spent in this place.
 D = Time resting spent in this place.
 E = Time spent auto-exploring this place.
 F = Levels seen in this place.
 G = Mean time per level.
                   A        B        C        D        E       F      G
               +--------+--------+--------+--------+--------+-----+--------+
         Total |   8712 |   8495 |    217 |   5058 |   2546 |   6 | 1452.0 |
       Dungeon |   8712 |   8495 |    217 |   5058 |   2546 |   6 | 1452.0 |
               +--------+--------+--------+--------+--------+-----+--------+

Top non-repeatable levels by time:
     D:4: 2710 daAuts
     D:5: 2067 daAuts
     D:3: 1426 daAuts
     D:1: 1084 daAuts
     D:2: 1062 daAuts
     D:6: 361 daAuts
